 Dungeon Sprint DCSS version 0.17-a0-77-gee7a2f2 (webtiles) character file.

19 BluebellGnoll the Magician (level 2, -1/17 HPs)
             Began as an Octopode Fire Elementalist on Mar 14, 2015.
             Was an Initiate of Vehumet.
             Slain by an anubis guard
             ... wielding a +0 quarterstaff
              (8 damage)
             ... in the Dungeon (Sprint V: "Ziggurat Sprint").
             The game lasted 00:02:56 (127 turns).

BluebellGnoll the Magician (OpFE)                    Turns: 127, Time: 00:02:58

Health: -1/17      AC:  1    Str: 22    XL:     2   Next: 75%
Magic:  12/12      EV:  5    Int: 29    God:    Vehumet [......]
Gold:   0          SH: 27    Dex: 24    Spells: 2 memorised, 12 levels left

rFire  . . .     SeeInvis +     L - +14 obsidian axe {chop, +Fly Str+3 SInv Curse} (curse)
rCold  . . .     Clarity  .     M - +18 shield of the gong {rElec rN+ MR+ EV-5}
rNeg   + . .     SustAb   .     (helmet restricted)
rPois  .         Gourm    .     (no amulet)
rElec  +         Spirit   .     o - +6 ring of dexterity
rCorr  .         Warding  .     p - +6 ring of dexterity
rMut   .         NoTele   +     q - +6 ring of intelligence (curse)
MR     +....                    r - +6 ring of intelligence
Stlth  ++++......               s - +6 ring of strength
                                t - +6 ring of strength
                                (no ring)
                                (no ring)

@: mesmerised, somewhat resistant to hostile enchantments, stealthy
A: almost no armour, amphibious, 8 rings, constrict 8, camouflage 1, gelatinous
body 1
a: Renounce Religion, Evoke Flight


You were in the Dungeon.
You worshipped Vehumet.
Vehumet was noncommittal.
You were full.

You visited 1 branch

Inventory:

Hand weapons
 I - a +5 broad axe
 L - the cursed +14 obsidian axe (weapon) {chop, +Fly Str+3 SInv Curse}
   (You found it in the Dungeon)

   It inflicts extra damage upon your enemies.
   It affects your strength (+3).
   It enhances your eyesight.
   It lets you fly.
   It may re-curse itself when equipped.
   It has a curse placed upon it.
Armour
 M - the +18 shield of the gong (worn) {rElec rN+ MR+ EV-5}
   (You found it in the Dungeon)

   It affects your evasion (-5).
   It insulates you from electricity.
   It protects you from negative energy.
   It affects your resistance to hostile enchantments.
Magical staves
 m - an uncursed staff of energy
Jewellery
 o - a +6 ring of dexterity (left tentacle)
 p - a +6 ring of dexterity (right tentacle)
 q - a cursed +6 ring of intelligence (on tentacle)
 r - a +6 ring of intelligence (on tentacle)
 s - a +6 ring of strength (on tentacle)
 t - a +6 ring of strength (on tentacle)
Magical devices
 a - a wand of disintegration (7)
 j - a wand of fire (5)
 k - a wand of cold (5)
 l - a wand of draining (5)
Scrolls
 i - 4 scrolls of blinking
 x - 4 scrolls of amnesia
 y - 3 scrolls of recharging
 z - 7 scrolls of fog
 A - a scroll of holy word
 B - 5 scrolls of identify
 C - 5 scrolls of remove curse
 D - 2 scrolls of fear
Potions
 d - 10 potions of curing
 e - 10 potions of heal wounds
 f - 6 potions of haste
 g - 7 potions of magic
 h - 3 potions of berserk rage
 E - 2 potions of brilliance
 F - 2 potions of invisibility
 G - 2 potions of restore abilities
 H - 4 potions of resistance
 J - 5 potions of agility
 K - 5 potions of might
Books
 b - a book of Flames

   Spells                             Type                      Level
   a - Flame Tongue                   Conjuration/Fire             1
   b - Throw Flame                    Conjuration/Fire             2
   c - Conjure Flame                  Conjuration/Fire             3
   d - Inner Flame                    Hexes/Fire                   3
   e - Sticky Flame                   Conjuration/Fire             4
   f - Fireball                       Conjuration/Fire             5
Miscellaneous
 n - a crystal ball of energy
 u - a disc of storms
Comestibles
 c - 5 bread rations
 v - 40 fruits
 w - 4 meat rations


   Skills:
 - Level 2.0 Dodging
 - Level 2.6 Stealth
 - Level 7.1 Spellcasting
 * Level 1.6 Conjurations
 + Level 3.7 Fire Magic


You had 12 spell levels left.
You knew the following spells:

 Your Spells              Type           Power        Failure   Level  Hunger
a - Flame Tongue          Conj/Fire      ####.        14%         1    None
b - Throw Flame           Conj/Fire      ####..       21%         2    None


Dungeon Overview and Level Annotations

Branches:
Dungeon (1/1)

Altars:
Ashenzari
Cheibriados
Dithmenos
Elyvilon
Fedhas
Gozag
Kikubaaqudgha
Makhleb
Nemelex Xobeh
Okawaru
Qazlal
Ru
Sif Muna
Trog
Vehumet
Xom
Yredelemnul
Zin
The Shining One
Beogh
Jiyva
Lugonu


Innate Abilities, Weirdness & Mutations

You cannot wear most types of armour.
You are amphibious.
You can wear up to eight rings at the same time.
You can use your tentacles to constrict many enemies at once.
Your skin changes colour to match your surroundings (Stealth).
Your rubbery body absorbs attacks (AC +1).


Message History

Visions of slaying the mummy flood into your mind.
Found a manual of Shields and a book of Battle.
The anubis guard barks!
The anubis guard breathes negative energy at you.
The bolt of negative energy hits the mummy.
The mummy completely resists.
The bolt of negative energy hits you! You partially resist.
You feel drained.
Ouch! That really hurt!
You slash the mummy!!
You break out of your daze!
You destroy the mummy!
Vehumet accepts your kill.
You feel nervous for a moment...
Your +6 ring of intelligence glows black for a moment.
Your life force feels restored.
Visions of slaying the anubis guard flood into your mind.
You block the anubis guard's attack.
GONNNNG!
The anubis guard bites you!
You die...

▓▓▓▓▓▓▓
▓.8©8.▓
▓.....▓
▓.:.:.▓
▓..H..▓
▓..@..▓
▓.....▓
▓▓▓▓▓▓▓


You could see an anubis guard.

Vanquished Creatures
  A mummy (D)
1 creature vanquished.

Notes
Turn   | Place    | Note
--------------------------------------------------------------
     0 | D        | BluebellGnoll, the Octopode Fire Elementalist, began the quest for the Orb.
     0 | D        | Reached XP level 1. HP: 11/11 MP: 3/3
     0 | D        | Found a viscous altar of Jiyva.
     0 | D        | Found a corrupted altar of Lugonu.
     0 | D        | Found a white marble altar of Elyvilon.
     2 | D        | Found a sparkling altar of Nemelex Xobeh.
     2 | D        | Found a burning altar of Makhleb.
     3 | D        | Found a deep blue altar of Sif Muna.
     3 | D        | Found a bloodstained altar of Trog.
     8 | D        | Found an iron altar of Okawaru.
    20 | D        | Found a radiant altar of Vehumet.
    24 | D        | Found a basalt altar of Yredelemnul.
    25 | D        | Found a shimmering altar of Xom.
    62 | D        | Reached skill level 7 in Spellcasting
    62 | D        | Reached XP level 2. HP: 17/17 MP: 4/12
    66 | D        | Learned a level 2 spell: Throw Flame
    75 | D        | Became a worshipper of Vehumet
   125 | D        | Entered arena 1.
   125 | D        | Noticed an anubis guard
   127 | D        | Slain by an anubis guard

Action                   || total
-------------------------++-------
Melee: Broad axe         ||     1
  Use: Potion            ||     1
  Eat: Fruit             ||     2
